[ PARTIDA AOE2 · #494157148 ]
UnrankedWu vs Burmese
Equipo del jugador · VICT
Equipo rival · DERR
[ ANÁLISIS DE REPETICIÓN · EXTRAÍDO DE LA PARTIDA GRABADA ]
Feudal
9:15
Castillos
18:43
Imperial
—
| APM promedio | 103.8 |
| APM pico | 198 |
| eAPM promedio | 60.3 |
| Aldeanos / militares | 64 / 10 |
Foco
⚔️ 71.4% · 🌾 28.6%
Unknown (1968) ×51 · Archer ×6 · Monk ×3 · Spearman ×1
Feudal
10:32
Castillos
19:26
Imperial
—
| APM promedio | 60.5 |
| APM pico | 105 |
| eAPM promedio | 24.2 |
| Aldeanos / militares | 85 / 57 |
Foco
⚔️ 36.2% · 🌾 63.8%
Cavalry Archer ×51 · Scout Cavalry ×4 · Militia ×2
Mapa de la partida
Recursos iniciales + cada clic de construcción. Líneas = muros · curvas = relieve. ◆ oro · ⬟ piedra · ● bayas · ✦ reliquia · ◌ hueco del cierre
Tu base· ✓ Cerrada en 18:43 · 27t muro · 1 puerta(s)
Base de CNZS_98T· ✓ Cerrada en 19:26 · 54t muro · sin puerta
Terreno inicial suavizado · ◌ = hueco del cierre detectado · pasá el cursor para detalles
Inputs por minuto
— VIT | Hera - - CNZS_98T
Build order — VIT | Hera
Primeras 150 de 200 acciones detectadas
| 0:00 | Crear | Villager (Male) |
| 0:00 | Crear | Villager (Male) |
| 0:01 | Crear | Villager (Male) |
| 0:01 | Construir | House |
| 0:02 | Construir | House |
| 0:10 | Crear | Villager (Male) |
| 0:10 | Crear | Villager (Male) |
| 1:25 | Crear | Villager (Male) |
| 1:25 | Crear | Villager (Male) |
| 1:53 | Crear | Villager (Male) |
| 1:59 | Construir | Lumber Camp |
| 2:09 | Crear | Villager (Male) |
| 2:47 | Crear | Villager (Male) |
| 2:48 | Crear | Villager (Male) |
| 2:57 | Crear | Villager (Male) |
| 2:57 | Crear | Villager (Male) |
| 3:38 | Crear | Villager (Male) |
| 3:39 | Crear | Villager (Male) |
| 3:50 | Construir | House |
| 4:02 | Crear | Villager (Male) |
| 4:02 | Crear | Villager (Male) |
| 4:15 | Construir | Mill |
| 4:31 | Crear | Villager (Male) |
| 4:31 | Crear | Villager (Male) |
| 5:20 | Crear | Villager (Male) |
| 5:21 | Crear | Villager (Male) |
| 5:40 | Crear | Villager (Male) |
| 6:25 | Investigar | Loom |
| 6:38 | Construir | Barracks |
| 7:00 | Investigar | Feudal Age |
| 7:00 | Investigar | Feudal Age |
| 7:00 | Investigar | Feudal Age |
| 7:20 | Construir | House |
| 7:21 | Construir | Palisade Wall |
| 7:31 | Construir | Palisade Wall |
| 7:31 | Construir | Palisade Wall |
| 7:32 | Construir | Palisade Wall |
| 8:38 | Construir | Mining Camp |
| 9:15 | Edad | Edad Feudal |
| 9:16 | Crear | Villager (Male) |
| 9:19 | Construir | Archery Range |
| 9:20 | Investigar | Double-Bit Axe |
| 9:20 | Investigar | Double-Bit Axe |
| 9:33 | Construir | House |
| 9:39 | Crear | Villager (Male) |
| 9:44 | Crear | Villager (Male) |
| 10:03 | Construir | House |
| 10:05 | Construir | House |
| 10:08 | Crear | Villager (Male) |
| 10:15 | Construir | Farm |
| 10:16 | Construir | Farm |
| 10:17 | Crear | Archer |
| 10:23 | Construir | Farm |
| 10:26 | Crear | Villager (Male) |
| 10:41 | Construir | Palisade Wall |
| 10:44 | Crear | Archer |
| 10:58 | Construir | Palisade Wall |
| 11:16 | Crear | Villager (Male) |
| 11:17 | Construir | Farm |
| 11:25 | Crear | Archer |
| 11:29 | Crear | Villager (Male) |
| 11:49 | Crear | Villager (Male) |
| 11:56 | Crear | Archer |
| 11:58 | Construir | Farm |
| 12:30 | Construir | Blacksmith |
| 12:37 | Crear | Villager (Male) |
| 12:38 | Construir | Farm |
| 12:38 | Crear | Villager (Male) |
| 12:40 | Crear | Archer |
| 12:57 | Construir | Farm |
| 13:15 | Construir | House |
| 13:16 | Construir | House |
| 13:24 | Construir | Farm |
| 13:24 | Crear | Villager (Male) |
| 13:38 | Construir | House |
| 13:42 | Crear | Villager (Male) |
| 13:48 | Construir | Mining Camp |
| 13:56 | Construir | Palisade Gate |
| 14:14 | Crear | Villager (Male) |
| 14:22 | Construir | Farm |
| 14:34 | Crear | Villager (Male) |
| 14:45 | Crear | Villager (Male) |
| 14:56 | Crear | Villager (Male) |
| 15:34 | Construir | Market |
| 15:42 | Construir | House |
| 15:42 | Construir | House |
| 15:51 | Construir | Farm |
| 15:57 | Construir | Farm |
| 16:03 | Investigar | Castle Age |
| 16:04 | Investigar | Castle Age |
| 16:12 | Crear | Archer |
| 16:27 | Construir | House |
| 16:35 | Crear | Spearman |
| 16:53 | Investigar | Horse Collar |
| 16:53 | Investigar | Horse Collar |
| 16:54 | Investigar | Horse Collar |
| 17:28 | Construir | Farm |
| 18:30 | Crear | Villager (Male) |
| 18:43 | Edad | Edad de los Castillos |
| 18:45 | Construir | Castle |
| 18:49 | Investigar | Fletching |
| 18:49 | Investigar | Fletching |
| 18:50 | Construir | Farm |
| 18:59 | Construir | Monastery |
| 19:04 | Crear | Villager (Male) |
| 19:20 | Investigar | Bodkin Arrow |
| 19:20 | Investigar | Bodkin Arrow |
| 19:21 | Investigar | Bodkin Arrow |
| 19:27 | Crear | Villager (Male) |
| 19:37 | Crear | Unit 1968 |
| 19:37 | Crear | Unit 1968 |
| 19:44 | Crear | Monk |
| 19:47 | Construir | Farm |
| 19:56 | Crear | Villager (Male) |
| 20:12 | Construir | Lumber Camp |
| 20:13 | Crear | Villager (Male) |
| 20:14 | Crear | Unit 1968 |
| 20:16 | Crear | Unit 1968 |
| 20:34 | Crear | Villager (Male) |
| 20:46 | Construir | Farm |
| 20:47 | Crear | Villager (Male) |
| 20:47 | Crear | Monk |
| 20:50 | Crear | Unit 1968 |
| 21:00 | Investigar | Padded Archer Armor |
| 21:04 | Crear | Unit 1968 |
| 21:29 | Construir | Farm |
| 21:34 | Crear | Unit 1968 |
| 21:35 | Crear | Villager (Male) |
| 21:48 | Crear | Unit 1968 |
| 21:58 | Crear | Unit 1968 |
| 22:03 | Crear | Villager (Male) |
| 22:03 | Crear | Unit 1968 |
| 22:11 | Investigar | Leather Archer Armor |
| 22:11 | Investigar | Leather Archer Armor |
| 22:19 | Crear | Villager (Male) |
| 22:29 | Crear | Villager (Male) |
| 22:34 | Construir | Lumber Camp |
| 22:41 | Construir | Farm |
| 22:45 | Crear | Unit 1968 |
| 23:06 | Construir | Castle |
| 23:08 | Crear | Villager (Male) |
| 23:10 | Crear | Unit 1968 |
| 23:11 | Crear | Unit 1968 |
| 23:26 | Investigar | Tech 1080 |
| 23:26 | Investigar | Tech 1080 |
| 23:27 | Investigar | Tech 1080 |
| 23:35 | Construir | Farm |
| 23:35 | Construir | Farm |
| 23:47 | Crear | Unit 1968 |
| 23:47 | Crear | Unit 1968 |
Build order — CNZS_98T
Primeras 150 de 229 acciones detectadas
| 0:00 | Crear | Villager (Male) |
| 0:01 | Crear | Villager (Male) |
| 0:01 | Crear | Villager (Male) |
| 0:02 | Crear | Villager (Male) |
| 0:02 | Construir | House |
| 0:04 | Construir | House |
| 1:27 | Crear | Villager (Male) |
| 1:27 | Crear | Villager (Male) |
| 1:59 | Construir | Lumber Camp |
| 2:00 | Crear | Villager (Male) |
| 2:00 | Crear | Villager (Male) |
| 2:19 | Crear | Villager (Male) |
| 2:19 | Crear | Villager (Male) |
| 2:46 | Crear | Villager (Male) |
| 2:46 | Crear | Villager (Male) |
| 2:59 | Crear | Villager (Male) |
| 3:28 | Construir | House |
| 3:38 | Construir | House |
| 3:40 | Crear | Villager (Male) |
| 3:49 | Construir | House |
| 4:05 | Crear | Villager (Male) |
| 4:32 | Crear | Villager (Male) |
| 4:32 | Crear | Villager (Male) |
| 4:42 | Construir | Barracks |
| 4:53 | Crear | Villager (Male) |
| 4:53 | Crear | Villager (Male) |
| 5:10 | Construir | House |
| 5:18 | Crear | Villager (Male) |
| 5:19 | Crear | Villager (Male) |
| 5:42 | Crear | Militia |
| 5:52 | Crear | Villager (Male) |
| 6:07 | Crear | Militia |
| 6:11 | Crear | Villager (Male) |
| 6:30 | Crear | Villager (Male) |
| 7:04 | Crear | Villager (Male) |
| 7:21 | Crear | Villager (Male) |
| 7:23 | Construir | Mill |
| 7:26 | Investigar | Loom |
| 7:44 | Construir | Palisade Wall |
| 7:46 | Construir | Palisade Wall |
| 7:48 | Construir | Palisade Wall |
| 7:49 | Construir | Palisade Wall |
| 8:21 | Investigar | Feudal Age |
| 9:20 | Construir | Palisade Wall |
| 9:28 | Construir | Palisade Wall |
| 9:31 | Construir | Palisade Wall |
| 9:34 | Construir | Palisade Wall |
| 10:05 | Construir | Palisade Wall |
| 10:07 | Construir | Palisade Wall |
| 10:11 | Construir | Palisade Wall |
| 10:29 | Construir | House |
| 10:32 | Edad | Edad Feudal |
| 10:34 | Crear | Villager (Male) |
| 10:41 | Investigar | Horse Collar |
| 10:42 | Crear | Villager (Male) |
| 10:43 | Construir | Farm |
| 10:45 | Construir | Farm |
| 10:49 | Construir | Stable |
| 10:54 | Construir | Farm |
| 11:09 | Crear | Villager (Male) |
| 11:11 | Construir | Farm |
| 11:14 | Construir | Farm |
| 11:27 | Construir | Farm |
| 11:37 | Construir | House |
| 11:39 | Crear | Villager (Male) |
| 11:45 | Construir | Farm |
| 12:02 | Crear | Villager (Male) |
| 12:03 | Crear | Scout Cavalry |
| 12:17 | Construir | Mining Camp |
| 12:25 | Crear | Villager (Male) |
| 12:26 | Crear | Scout Cavalry |
| 12:35 | Construir | Farm |
| 12:48 | Crear | Villager (Male) |
| 12:58 | Construir | Farm |
| 13:06 | Construir | Palisade Wall |
| 13:15 | Crear | Scout Cavalry |
| 13:17 | Crear | Villager (Male) |
| 13:25 | Construir | Farm |
| 13:29 | Crear | Scout Cavalry |
| 13:34 | Construir | Farm |
| 13:40 | Crear | Villager (Male) |
| 13:57 | Crear | Villager (Male) |
| 14:00 | Construir | Palisade Wall |
| 14:09 | Construir | Farm |
| 14:14 | Crear | Villager (Male) |
| 14:22 | Construir | House |
| 14:25 | Investigar | Wheelbarrow |
| 15:27 | Construir | Blacksmith |
| 15:42 | Crear | Villager (Male) |
| 16:13 | Construir | House |
| 16:14 | Crear | Villager (Male) |
| 16:19 | Construir | Palisade Wall |
| 16:46 | Investigar | Castle Age |
| 16:46 | Investigar | Castle Age |
| 16:57 | Construir | Archery Range |
| 17:25 | Construir | Archery Range |
| 17:28 | Investigar | Bloodlines |
| 17:28 | Investigar | Bloodlines |
| 17:57 | Investigar | Fletching |
| 18:00 | Construir | House |
| 18:02 | Construir | Palisade Wall |
| 18:07 | Construir | Palisade Wall |
| 18:14 | Construir | Palisade Wall |
| 18:40 | Construir | Lumber Camp |
| 19:23 | Crear | Villager (Male) |
| 19:26 | Edad | Edad de los Castillos |
| 19:29 | Crear | Cavalry Archer |
| 19:30 | Crear | Cavalry Archer |
| 19:32 | Investigar | Bodkin Arrow |
| 19:32 | Investigar | Bodkin Arrow |
| 19:35 | Investigar | Husbandry |
| 19:36 | Crear | Villager (Male) |
| 19:41 | Construir | Town Center |
| 19:49 | Crear | Cavalry Archer |
| 19:50 | Crear | Cavalry Archer |
| 19:55 | Crear | Villager (Male) |
| 20:14 | Crear | Villager (Male) |
| 20:17 | Crear | Cavalry Archer |
| 20:17 | Crear | Cavalry Archer |
| 20:21 | Construir | House |
| 20:25 | Crear | Cavalry Archer |
| 20:25 | Crear | Cavalry Archer |
| 20:29 | Crear | Villager (Male) |
| 20:38 | Crear | Villager (Male) |
| 20:45 | Construir | University |
| 20:50 | Crear | Cavalry Archer |
| 21:02 | Crear | Villager (Male) |
| 21:10 | Crear | Cavalry Archer |
| 21:35 | Crear | Villager (Male) |
| 21:39 | Crear | Villager (Male) |
| 21:44 | Crear | Cavalry Archer |
| 21:47 | Crear | Villager (Male) |
| 21:50 | Construir | Town Center |
| 21:59 | Investigar | Padded Archer Armor |
| 21:59 | Investigar | Padded Archer Armor |
| 22:06 | Investigar | Ballistics |
| 22:06 | Investigar | Ballistics |
| 22:24 | Crear | Cavalry Archer |
| 22:28 | Crear | Villager (Male) |
| 22:30 | Construir | Farm |
| 22:32 | Crear | Villager (Male) |
| 22:35 | Crear | Villager (Male) |
| 22:36 | Construir | House |
| 22:41 | Crear | Cavalry Archer |
| 23:06 | Crear | Villager (Male) |
| 23:07 | Crear | Cavalry Archer |
| 23:21 | Crear | Cavalry Archer |
| 23:22 | Crear | Cavalry Archer |
| 23:25 | Crear | Villager (Male) |
| 23:29 | Crear | Villager (Male) |
Cronología de la partida
| 4:42 | CNZS_98T · first_building Barracks |
| 6:38 | VIT | Hera · first_building Barracks |
| 7:21 | VIT | Hera · wall_segment Palisade Wall x1 |
| 7:31 | VIT | Hera · wall_segment Palisade Wall x1 |
| 7:31 | VIT | Hera · wall_segment Palisade Wall x1 |
| 7:32 | VIT | Hera · wall_segment Palisade Wall x1 |
| 7:44 | CNZS_98T · wall_segment Palisade Wall x1 |
| 7:46 | CNZS_98T · wall_segment Palisade Wall x1 |
| 7:48 | CNZS_98T · wall_segment Palisade Wall x1 |
| 7:49 | CNZS_98T · wall_segment Palisade Wall x1 |
| 9:15 | VIT | Hera · age_up feudal |
| 9:19 | VIT | Hera · first_building Archery Range |
| 9:20 | CNZS_98T · wall_segment Palisade Wall x1 |
| 9:28 | CNZS_98T · wall_segment Palisade Wall x7 |
| 9:31 | CNZS_98T · wall_segment Palisade Wall x1 |
| 9:34 | CNZS_98T · wall_segment Palisade Wall x2 |
| 10:05 | CNZS_98T · wall_segment Palisade Wall x6 |
| 10:07 | CNZS_98T · wall_segment Palisade Wall x7 |
| 10:11 | CNZS_98T · wall_segment Palisade Wall x12 |
| 10:32 | CNZS_98T · age_up feudal |
| 10:41 | VIT | Hera · wall_segment Palisade Wall x8 |
| 10:49 | CNZS_98T · first_building Stable |
| 10:58 | VIT | Hera · wall_segment Palisade Wall x15 |
| 13:06 | CNZS_98T · wall_segment Palisade Wall x1 |
| 14:00 | CNZS_98T · wall_segment Palisade Wall x1 |
| 16:19 | CNZS_98T · wall_segment Palisade Wall x3 |
| 16:57 | CNZS_98T · first_building Archery Range |
| 18:02 | CNZS_98T · wall_segment Palisade Wall x1 |
| 18:07 | CNZS_98T · wall_segment Palisade Wall x4 |
| 18:14 | CNZS_98T · wall_segment Palisade Wall x6 |
| 18:43 | VIT | Hera · age_up castle |
| 18:45 | VIT | Hera · first_building Castle |
| 18:48 | VIT | Hera · first_market_buy 100 food |
| 18:59 | VIT | Hera · first_building Monastery |
| 19:26 | CNZS_98T · age_up castle |
| 28:53 | CNZS_98T · first_building Castle |
| 30:03 | CNZS_98T · resign |
[ ANÁLISIS IA · 1 CRÉDITO ]
¿Qué pasó realmente en esta partida?
Wolo.gg analiza cada decisión: build order, eco, micro, errores típicos por bracket. Análisis personalizado por WhatsApp o Discord en 30 segundos.
Guía civ
Wu
Perfil
Hera